 Dungeon Crawl Stone Soup version 0.25-a0-290-g4a1327ee3a (webtiles) character file.

Game seed: 3120306413958652290, levelgen mode: deterministic

2015 MoonlitKnight the Cleaver (level 9, -2/79 HPs)
             Began as a Hill Orc Fighter on Dec 14, 2019.
             Slain by Anathary's ghost (11 damage)
             ... on level 6 of the Dungeon.
             The game lasted 00:11:11 (6081 turns).

MoonlitKnight the Cleaver (Hill Orc Fighter)        Turns: 6081, Time: 00:11:12

Health: -2/79      AC: 10    Str: 22    XL:     9   Next: 22%
Magic:  0/9        EV:  8    Int:  8    God:
Gold:   247        SH: 11    Dex: 10    Spells: 8/8 levels left

rFire    . . .     SeeInvis .   a - +7 hand axe
rCold    . . .     Gourm    .   c - +1 shield
rNeg     . . .     Faith    .   b - +0 scale mail
rPois    .         Spirit   +   y - +0 helmet
rElec    .         Reflect  .   g - +0 cloak
rCorr    .         Harm     .   (no gloves)
MR       .....                  (no boots)
Stlth    ..........             u - amulet of guardian spirit
HPRegen  0.23/turn              (no ring)
MPRegen  0.11/turn              (no ring)

@: no status effects
A: no striking features
a: no special abilities


You were on level 6 of the Dungeon.
You were not hungry.

You visited 1 branch of the dungeon, and saw 6 of its levels.
You also visited: Ossuary.

You collected 247 gold pieces.

Inventory:

Hand Weapons
 a - a +7 hand axe (weapon)
Missiles
 m - 25 sling bullets
 q - 4 javelins (quivered)
 v - 3 poisoned darts
Armour
 b - a +0 scale mail (worn)
 c - a +1 shield (worn)
 g - a +0 cloak (worn)
 y - a +0 helmet (worn)
Jewellery
 u - an amulet of guardian spirit (around neck)
 F - a +3 ring of strength {unknown}
Wands
 r - a wand of flame (28)
 z - a wand of acid (9)
 I - a wand of random effects (15)
Scrolls
 e - 4 scrolls of blinking
 i - 2 scrolls of enchant weapon
 k - 2 scrolls of fog {unknown}
 s - 3 scrolls of enchant armour
 t - 5 scrolls of remove curse
 w - 2 scrolls of teleportation {unknown}
 x - 2 scrolls of fear {unknown}
 A - a scroll of random uselessness {unknown}
 B - 6 scrolls of identify
 C - a scroll of magic mapping {unknown}
 G - a scroll of amnesia {unknown}
 H - a scroll of brand weapon {unknown}
Potions
 d - a potion of might
 h - 4 potions of curing
 j - a potion of agility
 l - 3 potions of lignification
 n - 2 potions of heal wounds
 o - 2 potions of degeneration {unknown}
 p - 2 potions of brilliance {unknown}
 D - a potion of mutation {unknown}
 E - 2 potions of flight {unknown}
 J - a potion of haste {unknown}
Comestibles
 f - 10 rations


   Skills:
 + Level 7.3 Fighting
 * Level 10.1 Axes
 + Level 6.6 Armour
 + Level 6.6 Shields


You had 8 spell levels left.
You didn't know any spells.
Your spell library contained the following spells:

 Spells                   Type           Power        Failure   Level  Hunger
 Foxfire                  Conj/Fire      #...         97%         1    ##.....
 Conjure Flame            Conj/Fire      #.......     100%        3    ####...
 Inner Flame              Hex/Fire       #.......     100%        3    ####...
 Sticky Flame             Conj/Fire      #.......     100%        4    #####..
 Fireball                 Conj/Fire      #.........   100%        5    ######.


Dungeon Overview and Level Annotations

Branches:
Dungeon (6/15)            Ossuary (visited)
 Temple: D:4-7

Altars:
Cheibriados
Elyvilon
Gozag
Hepliaklqana
Kikubaaqudgha
Makhleb
Qazlal
Trog
Vehumet
Yredelemnul
The Shining One

Annotations:
D:3 1 runed translucent door
D:6 Anathary's ghost, novice GrFi


Message History

You hit Anathary's ghost but do no damage.
Anathary's ghost is severely damaged.
You hit Anathary's ghost but do no damage.
Anathary's ghost is severely damaged.
Anathary's ghost completely misses you.
You hit Anathary's ghost but do no damage.
Anathary's ghost is severely damaged.
Anathary's ghost hits you.
* * * LOW HITPOINT WARNING * * *
You hit Anathary's ghost.
Anathary's ghost is almost destroyed.
Anathary's ghost hits you!
* * * LOW HITPOINT WARNING * * *
You hit Anathary's ghost but do no damage.
Anathary's ghost is almost destroyed.
You block Anathary's ghost's attack.
You hit Anathary's ghost.
Anathary's ghost is almost destroyed.
Anathary's ghost hits you!
You die...

##### .# .. #.# ## #.#
# #.#### # #....
####§§##### ###
§§#§§§##.. #.#
§cW@§§##.#####.#
§§#§§§#......#.#####
#######§#..###.#......
#............#.#.#####
#####.#####.#..#.#)#.#
#...#.# ###....#.#)#.#
##..#.# #.....## #.#.#
### #..#.#
#.##..##.#.#.# #..
#..#.# #.....##)....#
#..


You could see a centaur warrior and Anathary's ghost.

Vanquished Creatures
  An orc warrior (D:6)
  2 sky beasts (D:5)
  3 ogres
  2 centaurs (D:5)
  A water moccasin zombie (D:6)
  4 wights (D:6)
  A crimson imp (D:5)
  A centaur zombie (Ossuary)
  2 bullfrog zombies (Ossuary)
  A jelly (D:5)
  Crazy Yiuf (D:4)
  2 hounds
  4 orc wizards (D:6)
  Jessica (D:2)
  A bullfrog skeleton (D:6)
  A centaur skeleton (D:5)
  An iguana (D:6)
  4 worker ants
  A hound zombie (Ossuary)
  A hound skeleton (D:5)
  18 mummies (Ossuary)
  4 worker ant zombies (Ossuary)
  5 adders
  A howler monkey skeleton (D:4)
  A shadow imp (D:6)
  An ooze (D:2)
  2 adder skeletons (D:4)
  2 adder zombies
  5 worms
  A dart slug (D:3)
  6 leopard geckos
  4 orcs
  2 ball pythons
  5 giant cockroaches
  6 goblins
  8 hobgoblins
  7 jackals
  3 quokkas
  6 bats
  3 frilled lizards
  A jackal skeleton (D:3)
  8 kobolds
  A leopard gecko skeleton (D:4)
  A quokka skeleton (D:4)
  6 quokka zombies
  2 rats
144 creatures vanquished.

Vanquished Creatures (others)
  A giant cockroach (D:5)
  2 withered plants (Ossuary)
3 creatures vanquished.

Grand Total: 147 creatures vanquished

Notes
Turn   | Place    | Note
-------+----------+-------------------------------------------
     0 | D:1      | MoonlitKnight the Hill Orc Fighter began the quest for the
                  | Orb.
     0 | D:1      | Reached XP level 1. HP: 19/19 MP: 1/1
    45 | D:1      | Reached skill level 3 in Axes
    49 | D:1      | Reached XP level 2. HP: 23/27 MP: 2/2
   599 | D:1      | Reached XP level 3. HP: 33/33 MP: 3/3
   809 | D:2      | Reached skill level 4 in Axes
  1026 | D:2      | Found an ancient bone altar of Kikubaaqudgha.
  1027 | D:2      | Noticed Jessica
  1032 | D:2      | Killed Jessica
  1032 | D:2      | Reached XP level 4. HP: 34/40 MP: 4/4
  1116 | D:2      | Noticed an ogre
  1123 | D:2      | Killed an ogre
  1123 | D:2      | Reached skill level 5 in Axes
  1123 | D:2      | Reached XP level 5. HP: 28/47 MP: 5/5
  1473 | D:3      | Noticed a human
  1475 | D:3      | Found a runed translucent door.
  1680 | D:3      | Found a basalt altar of Yredelemnul.
  1940 | D:3      | Found a snail-covered altar of Cheibriados.
  2116 | D:3      | Found a bloodstained altar of Trog.
  2126 | D:3      | Found a stormy altar of Qazlal.
  2749 | D:4      | Reached XP level 6. HP: 53/53 MP: 6/6
  2970 | D:4      | Found a hazy altar of Hepliaklqana.
  3047 | D:4      | Reached skill level 5 in Fighting
  3047 | D:4      | Reached skill level 6 in Axes
  3131 | D:4      | Found a runed translucent door.
  3132 | D:4      | Noticed Crazy Yiuf
  3239 | D:4      | Found a glowing golden altar of the Shining One.
  3529 | D:4      | Killed Crazy Yiuf
  3690 | D:5      | Entered Level 5 of the Dungeon
  3711 | D:5      | Found a white marble altar of Elyvilon.
  3721 | D:5      | Reached XP level 7. HP: 41/61 MP: 2/7
  3925 | D:5      | Reached skill level 5 in Armour
  3930 | D:5      | Reached skill level 7 in Axes
  3930 | D:5      | Reached skill level 5 in Shields
  4265 | D:5      | Reached XP level 8. HP: 42/70 MP: 8/8
  4292 | D:5      | Found an opulent altar of Gozag.
  4358 | D:5      | Found a burning altar of Makhleb.
  4359 | D:5      | Found a radiant altar of Vehumet.
  4376 | D:5      | Reached skill level 8 in Axes
  4764 | D:6      | Found a sand-covered staircase.
  4890 | Ossuary  | Entered an ossuary
  4917 | Ossuary  | Reached skill level 9 in Axes
  5160 | Ossuary  | Reached XP level 9. HP: 78/78 MP: 9/9
  5801 | D:6      | Reached skill level 10 in Axes
  5982 | D:6      | Found a runed translucent door.
  5982 | D:6      | Noticed a centaur warrior
  5982 | D:6      | Noticed Anathary's ghost (novice GrFi)
  6009 | D:6      | Found Omaezana's Weapon Emporium.
  6081 | D:6      | Slain by Anathary's ghost

Levels and vault maps discovered:
D:1:      saegor_arrival_simple_c, layout_basic
D:2:      layout_basic, old_standard_altar, kennysheep_nondescript, uniq_jessica
D:3:      layout_basic, kennysheep_slug_shrine, lemuel_doored_altar,
          overflow_temple_1_default, first_ration, grunt_decor_one_mirror,
          dk_yredelemnul_ordeal
D:4:      layout_layer_cave, kennysheep_mini_moat, old_standard_altar,
          minmay_box_of_dots, uniq_crazy_yiuf_cottage
D:5:      layout_basic, grunt_temple_overflow_lords_of_destruction,
          elyvilon_altar_4, overflow_temple_1_default
D:6:      layout_basic, serial_shops, shop, basic_altar,
          ebering_ghost_inner_flame, nicolae_ossuary_entry_false_entrances,
          nicolae_lava_and_water

Skill      XL: |  1  2  3  4  5  6  7  8  9 |
---------------+----------------------------+-----
Axes           | 3 4 5 6 7 9 10 | 10.1
Fighting       | 4 5 6 7 |  7.3
Armour         | 4 5 6 |  6.6
Shields        | 4 5 6 |  6.6

Action                   |  1- 3 |  4- 6 |  7- 9 || total
-------------------------+-------+-------+-------++-------
Melee: War axe           |   110 |   108 |   134 ||   352
       Hand axe          |       |       |   179 ||   179
  Use: Scroll            |       |     8 |       ||     8
  Eat: Chunk             |     1 |     3 |     6 ||    10
       Ration            |       |     2 |       ||     2
Armor: Scale mail        |    57 |    40 |    71 ||   168
Dodge: Dodged            |    43 |    31 |    49 ||   123
Block: Shield            |    62 |    49 |   116 ||   227

Table legend:
 A = Non-vault XP
 B = Vault XP
 C = Vault XP percentage of total XP
 D = Non-vault monster count
 E = Vault monster count
 F = Vault count percentage of total count
                 A         B        C        D         E       F
            +---------+---------+-------+---------+---------+-------
      Total |    1952 |     927 |  32.2 |     105 |      39 |  27.1
            +---------+---------+-------+---------+---------+-------
        D:1 |      39 |       0 |   0.0 |      23 |       0 |   0.0
        D:2 |     173 |      37 |  17.6 |      15 |       1 |   6.2
        D:3 |      61 |       5 |   7.6 |      17 |       2 |  10.5
        D:4 |     100 |     166 |  62.4 |       7 |       4 |  36.4
        D:5 |     884 |      50 |   5.4 |      24 |       1 |   4.0
        D:6 |     695 |       0 |   0.0 |      19 |       0 |   0.0
    Ossuary |       0 |     669 | 100.0 |       0 |      31 | 100.0
            +---------+---------+-------+---------+---------+-------
